 Dungeon Crawl Stone Soup version 0.21.1-1-g345015fe64 (webtiles) character file.

219 GingerOwl the Skirmisher (level 5, 0/36 HPs)
             Began as a Gargoyle Fighter on Apr 11, 2018.
             Slain by Sigmund
             ... wielding a +0 scythe
              (4 damage)
             ... on level 3 of the Dungeon on May 20, 2018.
             The game lasted 00:23:53 (2928 turns).

GingerOwl the Skirmisher (Gargoyle Fighter)         Turns: 2928, Time: 00:23:54

Health: 0/36       AC: 14    Str: 19    XL:     5   Next: 96%
Magic:  5/5        EV:  5    Int:  9    God:
Gold:   144        SH:  9    Dex: 10    Spells: 4/4 levels left

rFire    . . .     SeeInvis .   a - +0 long sword
rCold    . . .     Gourm    .   c - +0 shield
rNeg     + . .     Faith    .   d - +0 chain mail
rPois    ∞         Spirit   .   (no helmet)
rElec    +         Reflect  .   k - +0 cloak
rCorr    .         Harm     .   (no gloves)
MR       .....                  (no boots)
Stlth    ..........             (no amulet)
HPRegen  0.12/turn              (no ring)
MPRegen  0.09/turn              (no ring)

@: no status effects
A: negative energy resistance 1, electricity resistance, unbreathing,
petrification resistance, rot immunity, AC +4
a: no special abilities


You were on level 3 of the Dungeon.
You were hungry.

You visited 1 branch of the dungeon, and saw 3 of its levels.

You collected 144 gold pieces.

Inventory:

Hand Weapons
 a - a +0 long sword (weapon)
 i - a +3 quarterstaff of chaos
Armour
 c - a +0 shield (worn)
 d - a +0 chain mail (worn)
 k - a +0 cloak (worn)
Scrolls
 e - 3 scrolls of remove curse
 h - 6 scrolls of identify
Potions
 g - a potion of magic {unknown}
 j - a potion of curing {unknown}
Comestibles
 b - 3 chunks of flesh
 f - 2 rations


   Skills:
 - Level 6.1 Fighting
 * Level 3.3 Long Blades
 - Level 3.3 Armour
 - Level 3.3 Shields


You had 4 spell levels left.
You didn't know any spells.

Dungeon Overview and Level Annotations

Branches:
Dungeon (3/15)

Altars:
Cheibriados
Ru
Wu Jian
Xom
Yredelemnul

Annotations:
D:3 Sigmund


Innate Abilities, Weirdness & Mutations

You are resistant to torment.
Your stone body is resilient. (AC +4)
You are immune to poison.
You resist negative energy. (rN+)
You are resistant to electric shocks. (rElec)
You can survive without breathing.
You are immune to petrification.
You are immune to rotting.


Message History

Sigmund flickers and vanishes!
Deactivating autopickup; reactivate with Ctrl-A.
You bump into the rock wall.
Something hits you but does no damage.
You bump into the rock wall.
You feel less confused.
Your shield and chain mail prevent you from hitting something.
You hear some strange, mumbled words.
A magic dart appears from out of thin air!
The magic dart hits you!
* * * LOW HITPOINT WARNING * * *
You barely miss something. Something hits you but does no damage.
You miss something.
You hear some strange, mumbled words.
A magic dart appears from out of thin air!
The magic dart hits you!
You closely miss something. Something hits you.
* * * LOW HITPOINT WARNING * * *
You closely miss something. You block something's attack.
You hit something. Something hits you.
You die...

####.#...#...#.##..## ###
####....'#######'....%.#######
#.................##.#..((....
####.##.#####..>........########.
........# #....######## ##
###.##### #.##.# ###.# #. #.#
....# # #.# ##### #@# #{#
#†###### #### #......# #..
#....#... ##.### ##.#...... #....
..%.##### # #..# ##..##
#######..########..#


There were no monsters in sight!

Vanquished Creatures
  Crazy Yiuf (D:2)
  7 gnolls (D:2)
  4 adders
  2 oozes
  3 adder skeletons (D:2)
  2 adder zombies (D:2)
  2 dart slugs
  A leopard gecko (D:3)
  An orc (D:3)
  A ball python (D:1)
  A bat zombie (D:2)
  6 giant cockroaches
  2 hobgoblins (D:1)
  A quokka (D:3)
  A ball python skeleton (D:2)
  A ball python zombie (D:2)
  10 bats
  2 frilled lizards
  6 goblins
  A jackal skeleton (D:2)
  5 kobolds
  A quokka skeleton (D:2)
  5 rats
  A spectral orc (D:2)
67 creatures vanquished.

Notes
Turn   | Place    | Note
-------+----------+-------------------------------------------
     0 | D:1      | GingerOwl the Gargoyle Fighter began the quest for the Orb.
     0 | D:1      | Reached XP level 1. HP: 14/14 MP: 1/1
   117 | D:1      | Reached XP level 2. HP: 20/20 MP: 2/2
   318 | D:1      | Reached skill level 4 in Fighting
   650 | D:1      | Reached XP level 3. HP: 22/24 MP: 3/3
  1128 | D:2      | Reached skill level 5 in Fighting
  1353 | D:2      | Reached XP level 4. HP: 31/31 MP: 4/4
  1619 | D:2      | Reached skill level 6 in Fighting
  1619 | D:2      | Reached XP level 5. HP: 20/36 MP: 5/5
  1892 | D:2      | Found a shimmering altar of Xom.
  1961 | D:2      | Found a runed door.
  1965 | D:2      | Noticed Crazy Yiuf
  1970 | D:2      | Killed Crazy Yiuf
  2274 | D:2      | Found a basalt altar of Yredelemnul.
  2530 | D:3      | Found a snail-covered altar of Cheibriados.
  2739 | D:3      | Found a sacrificial altar of Ru.
  2843 | D:3      | Found an ornate altar of the Wu Jian Council.
  2886 | D:3      | Noticed Sigmund
  2928 | D:3      | Slain by Sigmund

Skill      XL: |  1  2  3  4  5 |
---------------+----------------+-----
Fighting       | 4 5 6 |  6.1
Long Blades    | 3 |  3.3
Armour         | |  3.3
Shields        | |  3.3

Action                   |  1- 3 |  4- 6 || total
-------------------------+-------+-------++-------
Melee: Long sword        |   104 |   164 ||   268
  Use: Scroll            |     6 |     2 ||     8
       Potion            |       |     1 ||     1
 Stab: Paralysed         |       |     2 ||     2
  Eat: Chunk             |     1 |     2 ||     3
       Ration            |       |     1 ||     1
Armor: Scale mail        |    71 |    62 ||   133
       Chain mail        |       |    54 ||    54
Dodge: Dodged            |    55 |    52 ||   107
Block: Shield            |    87 |    94 ||   181
       Rpst.: Long sword |    20 |     9 ||    29
